 Dungeon Crawl Stone Soup version 0.18.1-6-gd335043 (webtiles) character file.

836 Jerry the Covered (level 7, -2/53 HPs)
             Began as a Demigod Gladiator on May 16, 2016.
             Slain by an orc warrior
             ... wielding a +0 flail
              (14 damage)
             ... on level 5 of the Dungeon.
             The game lasted 00:20:56 (4596 turns).

Jerry the Covered (Demigod Gladiator)               Turns: 4596, Time: 00:20:56

Health: -2/53      AC: 14    Str: 24    XL:     7   Next: 39%
Magic:  9/9        EV: 12    Int: 10    God:
Gold:   150        SH:  0    Dex: 15    Spells: 0 memorised, 6 levels left

rFire  . . .     SeeInvis .     s - +0 quarterstaff
rCold  . . .     Gourm    .     v - +0 scale mail
rNeg   . . .     Faith    .     (shield currently unavailable)
rPois  +         Spirit   .     c - +1 helmet
rElec  .         Dismiss  .     (no cloak)
rCorr  .         Reflect  .     (no gloves)
SustAt +         Harm     .     (no boots)
MR     .....     Clarity  +     (no amulet)
Stlth  ..........               k - +1 ring of evasion
                                e - ring of poison resistance

@: not resistant to hostile enchantments, extremely unstealthy
A: rough black scales 1, clarity, dopey 1, high mp 1, slow regeneration 1,
strong 1, wild magic 1, sustain attributes
a: no special abilities


You were on level 5 of the Dungeon.
You were not hungry.

You visited 1 branch of the dungeon, and saw 6 of its levels.

You collected 150 gold pieces.

Inventory:

Hand Weapons
 s - a +0 quarterstaff (weapon)
Missiles
 d - 3 throwing nets (quivered)
Armour
 c - a +1 helmet (worn)
 v - a +0 scale mail (worn)
Jewellery
 e - a ring of poison resistance (left hand)
 k - a +1 ring of evasion (right hand)
 o - an uncursed ring of magical power
Wands
 a - a wand of slowing (27/48)
 i - a wand of polymorph (19/24)
 q - a wand of confusion (28/48)
Scrolls
 l - 2 scrolls of remove curse
Potions
 b - a potion of agility {unknown}
 g - a potion of brilliance
 m - a potion of lignification {unknown}
 r - a potion of might
 u - a potion of curing {unknown}
Comestibles
 f - 5 bread rations
 h - a chunk of flesh
 n - a meat ration
 p - a fruit


   Skills:
 - Level 1.7 Fighting
 - Level 2.6 Staves
 - Level 1.7 Throwing
 + Level 7.9 Armour
 - Level 2.6 Dodging


You had 6 spell levels left.
You didn't know any spells.

Dungeon Overview and Level Annotations

Branches:
Dungeon (6/15)
 Temple: D:4-7

Annotations:
D:3 Groucho's ghost, amateur SpEn
D:4 Ijyb; Robin


Innate Abilities, Weirdness & Mutations

You have an increased reservoir of magic (+10% MP).
Your attributes are resistant to harm.
You are partially covered in rough black scales (AC +4, Dex -1).
You possess an exceptional clarity of mind.
You are dopey. (Int -2)
You regenerate slowly when monsters are visible.
Your muscles are strong. (Str +2)
Your spells are a little harder to cast, but a little more powerful.


Message History

You sock the orc warrior!
The orc warrior is heavily wounded.
The orc warrior hits you with a flail!
You completely miss the orc warrior.
The orc warrior is heavily wounded.
The orc warrior hits you with a flail!
* * * LOW HITPOINT WARNING * * *
There is an escape hatch in the ceiling here.
You closely miss the orc warrior.
The orc warrior is heavily wounded.
The orc warrior completely misses you.
The orc warrior hits you but does no damage.
A mysterious force pulls you upwards. The hatch slams shut behind you.
You barely miss the orc warrior.
The orc warrior is heavily wounded.
The orc warrior closely misses you.
You hit the orc warrior.
The orc warrior is severely wounded.
The orc warrior hits you with a flail!
You die...

........#
##..###############
........####....##
.(.......##...##.#
.........##..#####
.........#..## ..(.........#
...).......## #########
..........## ######.......#
#........## ##..@o...)....#
###
###.(....####............##
##..
###.#.###..............#
#... ###.##...............#
##... #.#[...............#
#.... #.)................#
##... #................).#
##...
##.................#####....
#..................###......


You could see an orc warrior.

Vanquished Creatures
  2 ice beasts (D:5)
  A centaur zombie (D:5)
  An orc priest (D:5)
  3 hounds
  A jelly (D:5)
  6 orc wizards
  5 worker ants
  7 adders
  A shadow imp (D:5)
  2 dart slugs
  A giant gecko (D:3)
  21 orcs
  6 bats
  2 giant cockroaches (D:2)
  7 hobgoblins
  8 jackals
  A quokka (D:4)
  A ball python (D:2)
  A giant gecko skeleton (D:5)
  2 giant newts (D:1)
  11 goblins
  A jackal zombie (D:5)
  7 kobolds
  A quokka skeleton (D:4)
  9 rats
108 creatures vanquished.

Vanquished Creatures (others)
  An orc wizard (D:4)
1 creature vanquished.

Grand Total: 109 creatures vanquished

Notes
Turn   | Place    | Note
--------------------------------------------------------------
     0 | D:1      | Jerry the Demigod Gladiator began the quest for the Orb.
     0 | D:1      | Reached XP level 1. HP: 17/17 MP: 3/3
    46 | D:1      | Reached skill level 1 in Armour
   189 | D:1      | Reached XP level 2. HP: 20/24 MP: 4/4
   256 | D:1      | Reached skill level 2 in Armour
  1034 | D:2      | Reached XP level 3. HP: 22/29 MP: 5/5
  1286 | D:2      | Reached skill level 3 in Armour
  1483 | D:2      | Found a bloodstained altar of Trog.
  1583 | D:2      | Found a shattered altar of Ashenzari.
  1592 | D:2      | Found an oddly glowing altar of Pakellas.
  1773 | D:3      | Noticed Groucho's ghost (amateur SpEn)
  2027 | D:3      | Reached XP level 4. HP: 6/36 MP: 6/6
  2332 | D:4      | Gained mutation: You are partially covered in rough black scales (AC +4, Dex -1). [potion of mutation]
  2332 | D:4      | Gained mutation: You are dopey. (Int -2) [potion of mutation]
  2332 | D:4      | Gained mutation: You regenerate slowly when monsters are visible. [potion of mutation]
  2333 | D:4      | Gained mutation: Your muscles are strong. (Str +2) [potion of mutation]
  2333 | D:4      | Gained mutation: Your spells are a little harder to cast, but a little more powerful. [potion of mutation]
  2333 | D:4      | Gained mutation: You possess an exceptional clarity of mind. [potion of mutation]
  2347 | D:4      | Reached skill level 4 in Armour
  2365 | D:4      | Reached XP level 5. HP: 38/41 MP: 7/7
  2382 | D:4      | Reached skill level 5 in Armour
  2588 | D:4      | Noticed Robin
  2611 | D:5      | Entered Level 5 of the Dungeon
  3041 | D:4      | Noticed Ijyb
  3104 | D:5      | Noticed an ice beast
  3104 | D:5      | Noticed an ice beast
  3113 | D:5      | Killed an ice beast
  3113 | D:5      | Reached skill level 6 in Armour
  3113 | D:5      | Reached XP level 6. HP: 40/48 MP: 8/8
  3726 | D:5      | Reached skill level 7 in Armour
  3746 | D:5      | Reached XP level 7. HP: 45/53 MP: 9/9
  3984 | D:5      | Found a shimmering altar of Xom.
  4596 | D:5      | Slain by an orc warrior

Skill      XL: |  1  2  3  4  5  6 |
---------------+-------------------+-----
Armour         | 1 2 3 4 6 7 |  7.9
Fighting       | |  1.7
Staves         | |  2.6
Throwing       | |  1.7
Dodging        | |  2.6

Action                   |  1- 3 |  4- 6 |  7- 9 || total
-------------------------+-------+-------+-------++-------
Melee: Quarterstaff      |   104 |   141 |    99 ||   344
       Whip              |    53 |     3 |       ||    56
  Use: Scroll            |       |     8 |     2 ||    10
       Potion            |       |     6 |       ||     6
  Eat: Chunk             |     3 |     6 |     3 ||    12
       Fruit             |       |     1 |       ||     1
Armor: Leather armour    |    31 |       |       ||    31
       Ring mail         |    29 |     1 |       ||    30
       Scale mail        |       |   113 |    42 ||   155
Dodge: Dodged            |   136 |   112 |    65 ||   313
